 Dungeon Crawl Stone Soup version 0.21-a0-207-g4a9efaf (webtiles) character file.

954 namelastname112 the Covert (level 7, -1/52 HPs)
             Began as a Vampire Assassin on Aug 20, 2017.
             Slain by a hippogriff (3 damage)
             ... on level 7 of the Dungeon.
             The game lasted 00:10:31 (7738 turns).

namelastname112 the Covert (Vampire Assassin)       Turns: 7738, Time: 00:10:32

Health: -1/52      AC:  6    Str: 13    XL:     7   Next: 90%
Magic:  21/21      EV: 15    Int: 10    God:
Gold:   238        SH:  0    Dex: 19    Spells: 12/12 levels left

rFire    . . .     SeeInvis +   b - +0 blowgun
rCold    + . .     Gourm    .   (no shield)
rNeg     + + .     Faith    .   x - +1 robe "Suadal" {MR++ Int-4 Dex+3}
rPois    +         Spirit   .   (no helmet)
rElec    .         Reflect  .   d - +0 cloak
rCorr    .         Harm     .   q - +0 pair of gloves
MR       ++...                  A - +0 pair of boots
Stlth    +++++.....             (no amulet)
HPRegen  0.08/turn              y - +2 ring of strength
MPRegen  0.17/turn              B - ring of magical power

@: regenerating slowly
A: fangs 3, hooves 1, see invisible, sense surroundings 1, unbreathing
a: Bat Form


You were on level 7 of the Dungeon.
You were thirsty.

You visited 1 branch of the dungeon, and saw 8 of its levels.

You collected 238 gold pieces.

Inventory:

Hand Weapons
 a - a +2 dagger
 b - a +0 blowgun (weapon)
Missiles
 e - 39 poisoned needles (quivered)
 f - 2 curare-tipped needles
Armour
 c - a +0 robe
 d - a +0 cloak (worn)
 q - a +0 pair of gloves (worn)
 x - the +1 robe "Suadal" (worn) {MR++ Int-4 Dex+3}
   (You found it on level 4 of the Dungeon)

   It affects your intelligence (-4).
   It affects your dexterity (+3).
   It affects your resistance to hostile enchantments.
 A - a +0 pair of boots (worn)
Jewellery
 y - a +2 ring of strength (left hand)
 B - a ring of magical power (right hand)
Wands
 t - a wand of paralysis (2/24)
Scrolls
 k - 3 scrolls of remove curse
 m - a scroll of identify
 n - 3 scrolls of teleportation
 o - 2 scrolls of amnesia
 r - a scroll of enchant weapon {unknown}
 s - 2 scrolls of magic mapping
Potions
 g - 5 potions of blood
 h - a potion of might
 i - 2 potions of berserk rage
 j - a potion of curing
 l - 2 potions of invisibility
 p - a potion of haste


   Skills:
 + Level 3.4 Fighting
 + Level 4.3 Short Blades
 - Level 1.5 Throwing
 + Level 2.6 Armour
 + Level 4.1 Dodging
 + Level 8.3 Stealth
 + Level 3.4 Spellcasting


You had 12 spell levels left.
You didn't know any spells.

Dungeon Overview and Level Annotations

Branches:
Dungeon (8/15)             Temple (0/1) D:6
   Lair: D:8-11

Altars:

Annotations:
D:7 Joseph; p0werm0de's ghost, novice DsAE


Innate Abilities, Weirdness & Mutations

You heal slowly.
You have razor-sharp teeth.
You have supernaturally acute eyesight. (SInv)
You can survive without breathing.
You have large cloven feet.
You passively map a small area around you.


Message History

* * * LOW HITPOINT WARNING * * *
The hippogriff barely misses you. x2
You take 5 damage, and have 13/52 hp.
Firing (i - inventory. (,) - cycle):
e - 40 poisoned needles (quivered)
Press: ? - help, Shift-Dir - straight line, f/p - hippogriff
Aim: a hippogriff (lightly wounded, poisoned)
You shoot a poisoned needle.
The poisoned needle hits the hippogriff.
The hippogriff looks even sicker.
The hippogriff is lightly wounded.
The hippogriff bites you.
* * * LOW HITPOINT WARNING * * *
The hippogriff barely misses you. x2
You take 4 damage, and have 9/52 hp.
You fail to use your ability.
The hippogriff bites you but does no damage.
The hippogriff pecks you!
* * * LOW HITPOINT WARNING * * *
The hippogriff claws you.
You die...

#.*#####ยง.####.#
#.######..# #5#
###......O.5# #.#
............# #.#
............# #.#
#########...# #(#
#...# #O# #...#
#H# #...# #@#
#...# #.# ...#
#.# . , , #.# #
##############.##
#...............#
#.###############
###.# ...>#


You could see a hippogriff, an ogre and a crimson imp.

Vanquished Creatures
  Edmund (D:4)
  A phantom (D:7)
  An ogre (D:4)
  A howler monkey (D:5)
  A crimson imp (D:5)
  2 orc priests
  A jelly (D:7)
  A centaur skeleton (D:4)
  6 worker ants
  2 orc wizards (D:7)
  9 gnolls
  7 adders
  A howler monkey skeleton (D:7)
  3 worms
  4 leopard geckos
  17 orcs
  3 ball pythons
  4 giant cockroaches
  7 goblins
  6 hobgoblins
  7 jackals
  6 kobolds
  2 quokkas
  12 bats
  9 frilled lizards
  A jackal skeleton (D:4)
  A quokka skeleton (D:7)
  10 rats
126 creatures vanquished.

Notes
Turn   | Place    | Note
-------+----------+-------------------------------------------
     0 | D:1      | namelastname112 the Vampire Assassin began the quest for the Orb.
     0 | D:1      | Reached XP level 1. HP: 16/16 MP: 1/1
   116 | D:1      | Reached skill level 6 in Stealth
   138 | D:1      | Reached XP level 2. HP: 22/22 MP: 2/2
   600 | D:1      | Reached XP level 3. HP: 26/27 MP: 4/4
   620 | D:1      | Reached skill level 1 in Spellcasting
  1735 | D:3      | Reached XP level 4. HP: 33/33 MP: 5/5
  2597 | D:3      | HP: 1/33 [gnoll/halberd (10)]
  3466 | D:3      | Reached XP level 5. HP: 33/38 MP: 7/7
  3472 | D:3      | Reached skill level 1 in Armour
  3583 | D:4      | Noticed an ogre
  3590 | D:4      | Killed an ogre
  3590 | D:4      | Reached skill level 7 in Stealth
  3590 | D:4      | Reached XP level 6. HP: 46/46 MP: 9/9
  3607 | D:4      | Noticed Edmund
  3660 | D:4      | Killed Edmund
  3777 | D:4      | Got a crude robe
  3788 | D:4      | Identified the cursed +1 robe "Suadal" {MR++ Int-4 Dex+3} (You found it on level 4 of the Dungeon)
  4419 | D:5      | Entered Level 5 of the Dungeon
  4476 | D:5      | Reached XP level 7. HP: 51/51 MP: 11/11
  4822 | D:5      | You fall through a shaft for 2 floors!
  4833 | D:7      | Noticed Joseph
  5524 | D:5      | HP: 1/51 [gnoll/halberd of protection (8)]
  5872 | D:5      | Gained mutation: You have large cloven feet. [potion of mutation]
  5872 | D:5      | Gained mutation: You passively map a small area around you. [potion of mutation]
  6073 | D:7      | Reached skill level 8 in Stealth
  6127 | D:7      | Noticed p0werm0de's ghost (novice DsAE)
  7703 | D:7      | Noticed a hippogriff
  7738 | D:7      | HP: 2/52 [hippogriff (7)]
  7738 | D:7      | Slain by a hippogriff

Vault maps used:
D:1:      lemuel_arrival_muddy
D:2:      serial_glass, glass_columns_a, glass_columns_a
D:3:      first_bread, serial_bayou_crossing
D:4:      minmay_distorted, uniq_edmund
D:6:      temple_pool_b, grunt_ministairs_1
D:7:      lemuel_mausoleum_altar_kikubaaqudgha, uniq_joseph
D:8:      makhleb_grotto_becter, uniq_prince_ribbit1

Skill      XL: |  1  2  3  4  5  6  7 |
---------------+----------------------+-----
Stealth        | 6 7 8 |  8.3
Fighting       | 2 3 |  3.4
Spellcasting   | 1 2 3 |  3.4
Dodging        | 2 3 4 |  4.1
Short Blades   | 3 4 |  4.3
Armour         | 1 2 |  2.6
Throwing       | |  1.5

Action                   |  1- 3 |  4- 6 |  7- 9 || total
-------------------------+-------+-------+-------++-------
Melee: Dagger            |   123 |   133 |   271 ||   527
       Bite              |    13 |    17 |    37 ||    67
 Fire: Blowgun           |       |       |     3 ||     3
 Abil: End Transformatio |       |     1 |     1 ||     2
       Bat Form          |       |     1 |     1 ||     2
Evoke: Wand              |       |     3 |     3 ||     6
  Use: Potion            |     1 |    10 |     7 ||    18
       Scroll            |       |     1 |    11 ||    12
 Stab: Sleeping          |    23 |    16 |     7 ||    46
       Distracted        |       |     1 |       ||     1
       Paralysed         |       |     2 |     1 ||     3
  Eat: Corpse            |       |     4 |     5 ||     9
Armor: Robe              |    11 |    10 |    52 ||    73
Dodge: Dodged            |    61 |    51 |   173 ||   285
